 Dungeon Crawl Stone Soup version 0.30.1-3-gfc49f6343a (webtiles) character file.

Game seed: 8713717652005802113

1682 shmup the Arsonist (level 9, -10/45 HPs)
             Began as a Tengu Fire Elementalist on July 19, 2023.
             Engulfed by a cloud of flame (17 damage)
             ... on level 6 of the Dungeon.
             The game lasted 00:19:43 (7477 turns).

shmup the Arsonist (Tengu Fire Elementalist)        Turns: 7477, Time: 00:19:44

Health: -10/45     AC:  3    Str:  7    XL:     9   Next: 2%
Magic:  1/13       EV: 19    Int: 20    God:
Gold:   298        SH:  0    Dex: 14    Spells: 3/12 levels left

rFire   . . .        b - +2 rapier "Poeteqi" {flame, rElec rPois Will+++ Str-2}
rCold   . . .        (no shield)
rNeg    . . .        o - +0 robe
rPois   +            (helmet restricted)
rElec   +            (no cloak)
rCorr   .            f - +0 pair of gloves
SInv    .            (boots unavailable)
Will    +++..        y - amulet of faith
Stlth   ++           B - +5 ring of evasion
HPRegen 0.27/turn    (no ring)
MPRegen 0.13/turn

%: faith
@: flying quickly and evasively, studying Polearms, quick
A: beak, talons 3, nimble flight
a: no special abilities


You were on level 6 of the Dungeon.
You visited 1 branch of the dungeon, and saw 6 of its levels.

You collected 298 gold pieces.

Inventory:

Hand Weapons
 b - the +2 rapier "Poeteqi" (weapon) {flame, rElec rPois Will+++ Str-2}
   (You found it on level 4 of the Dungeon)

   Str:       It affects your strength (-2).
   rElec:     It insulates you from electricity.
   rPois:     It protects you from poison.
   Will:      It greatly increases your willpower.
 d - a +0 hand axe
 p - a +0 short sword
 x - a +1 dagger of electrocution
Missiles
 q - 4 boomerangs (quivered)
 r - 5 stones
 A - 2 poisoned darts
 C - 2 silver boomerangs
Armour
 f - a +0 pair of gloves (worn)
 o - a +0 robe (worn)
Magical Staves
 a - a staff of fire
 E - a staff of air
Jewellery
 k - a ring of ice
 y - an amulet of faith (around neck)
 B - a +5 ring of evasion (left hand)
Wands
 G - a wand of flame (9)
Scrolls
 c - a scroll of blinking {unknown}
 h - a scroll of magic mapping {unknown}
 i - a scroll of immolation {unknown}
 m - a scroll of enchant weapon
 n - a scroll of poison
 t - a scroll of fog {unknown}
 u - a scroll of teleportation {unknown}
 z - a scroll of fear {unknown}
 F - a scroll of amnesia {unknown}
Potions
 e - 6 potions of curing
 g - a potion of mutation
 j - a potion of magic
 l - a potion of lignification
 s - a potion of haste
 v - a potion of attraction
 w - a potion of degeneration
 D - a potion of ambrosia {unknown}


   Skills:
 - Level 2.1 Dodging
 - Level 2.0 Stealth
 - Level 2.0 Spellcasting
 + Level 7.9 Conjurations
 + Level 2.3 Hexes
 + Level 1.8 Summonings
 * Level 9.9 Fire Magic


You had 3 spell levels left.
You knew the following spells:

 Your Spells              Type           Power      Damage    Failure   Level
a - Foxfire               Conj/Fire      100%       2x1d9     1%          1
b - Scorch                Fire           82%        2d8       1%          2
c - Inner Flame           Hex/Fire       26%        N/A       3%          3
d - Volatile Blastmotes   Fire/Tloc      42%        2d13      6%          3

Your spell library contained the following spells:

 Spells                   Type           Power      Damage    Failure   Level
 Kiss of Death            Conj/Necr      68%        2d10      3%          1
 Summon Small Mammal      Summ           36%        N/A       8%          1
 Necrotise                Necr           8%         1d4       16%         1
 Confusing Touch          Hex            11%        N/A       19%         3
 Summon Guardian Golem    Hex/Summ       10%        N/A       21%         3
 Call Canine Familiar     Summ           9%         N/A       22%         3
 Sublimation of Blood     Necr           2%         N/A       24%         2
 Wereblood                Tmut           2%         N/A       24%         2
 Frozen Ramparts          Ice            4%         1d1       43%         3
 Vampiric Draining        Necr           2%         2d6       43%         3
 Flame Wave               Conj/Fire      37%        2d10      4%          4
 Summon Ice Beast         Ice/Summ       5%         N/A       73%         4
 Dispel Undead            Necr           2%         3d7       83%         4
 Ice Form                 Ice/Tmut       2%         N/A       83%         4
 Agony                    Necr           2%         N/A       99%         5
 Summon Hydra             Summ           4%         N/A       100%        7


Dungeon Overview and Level Annotations

Branches:
Dungeon (6/15)
 Temple: D:4-7

Altars:
Makhleb
Okawaru

Shops:
D:6 *


Innate Abilities, Weirdness & Mutations

You have a beak for a mouth.
You have claws for feet.
Your magical nature lets you fly swiftly and evasively.


Message History

You conjure some foxfire!
The foxfire hits the yak.
Flame seeps out of the yak.
The yak is heavily wounded.
The foxfire hits the yak.
Flame seeps out of the yak.
The yak is severely wounded.
The yak is engulfed in blazing flames.
Flame seeps out of the yak.
Casting: Foxfire (safe; 1% risk of failure)
Confirm with . or Enter, or press ? or * to list all spells.
You conjure some foxfire!
A yak comes into view.
The foxfire hits the yak.
Flame seeps out of the yak.
The yak is almost dead.
The foxfire hits the yak.
Flame seeps out of the yak.
The yak is almost dead.
You hit the yak but do no damage.
Flame seeps out of the yak.
You claw the yak. You peck the yak, but do no damage.
The yak is almost dead.
The yak is engulfed in blazing flames.
The yak explodes!
The fiery explosion engulfs you!
The yak bellows!
You hear a bellow!
You have reached level 9!
Your experience leads to an increase in your attributes!
Your base attributes are Str 9, Int 18, Dex 14.
Increase (s)trength, (i)ntelligence, or (d)exterity?
You feel clever. x2
Casting: Foxfire (safe; 1% risk of failure)
Confirm with . or Enter, or press ? or * to list all spells.
Aiming: Inner Flame (dangerous; 3% risk of failure)
Press: ? - help, Dir - move target, f - yak
Aim: a yak (chance to affect: 81%)
The yak is filled with an inner flame.
You are engulfed in blazing flames.
* * * LOW HITPOINT WARNING * * *
Casting: Inner Flame (dangerous; 3% risk of failure)
Confirm with . or Enter, or press ? or * to list all spells.
Aiming: Inner Flame (dangerous; 3% risk of failure)
Press: ? - help, Dir - move target, f - yak, p - yak
Aim: a yak (chance to affect: 81%)
The yak is filled with an inner flame.
You are engulfed in blazing flames.
You die...

▒..▒▒▒▒▒ ▒.▒>▒.▒▒
▒.▒ ▒.▒.▒..▒▒ ...
▒▒▒▒▒.▒.▒.... ▒.▒
▒.....▒.▒.... Y(
▒.▒▒▒▒▒...... . ▒
▒.▒ ▒▒.....
....▒▒▒▒▒▒▒ ▒▒.▒
▒▒....
.......Y..▒▒▒▒▒▒▒..▒
▒....
....▒▒▒▒▒Y.#.Q▒▒..▒▒
▒▒▒▒▒ . ▒▒▒▒▒#▒..▒▒
▒...▒▒ ▒▒▒▒▒


You could see 2 yaks.

Vanquished Creatures
  3 yaks (D:6)
  A water moccasin (D:5)
  A sky beast (D:6)
  An ogre (D:5)
  2 centaurs (D:4)
  Blork the orc (D:6)
  2 bullfrogs
  A scorpion (D:5)
  4 hounds (D:5)
  An orc priest (D:5)
  A sleepcap (D:6)
  3 iguanas
  An orc wizard (D:3)
  11 gnolls
  6 adders
  2 worms (D:3)
  A dart slug (D:3)
  13 orcs
  An endoplasm (D:1)
  8 giant cockroaches
  5 goblins
  3 hobgoblins
  6 jackals
  8 kobolds
  3 quokkas
  9 ball pythons
  7 bats
  A frilled lizard (D:2)
  21 rats
127 creatures vanquished.

Vanquished Creatures (others)
  255 foxfires
255 creatures vanquished.

Grand Total: 382 creatures vanquished

Notes
Turn   | Place    | Note
-------+----------+-------------------------------------------
     0 | D:1      | shmup the Tengu Fire Elementalist began the quest for the
                  | Orb.
     0 | D:1      | Reached XP level 1. HP: 10/10 MP: 4/4
   324 | D:1      | Reached XP level 2. HP: 15/15 MP: 1/6
   667 | D:1      | Reached skill level 4 in Fire Magic
  1099 | D:2      | Learned a level 2 spell: Scorch
  1371 | D:2      | Reached XP level 3. HP: 19/19 MP: 7/7
  1731 | D:2      | Reached XP level 4. HP: 17/24 MP: 3/8
  2498 | D:3      | Reached skill level 5 in Fire Magic
  2542 | D:3      | Found an iron altar of Okawaru.
  2801 | D:3      | Gained mutation: Your magical nature lets you fly swiftly
                  | and evasively. [Tengu growth]
  2801 | D:3      | Reached XP level 5. HP: 25/28 MP: 5/9
  3123 | D:3      | Learned a level 3 spell: Inner Flame
  3933 | D:4      | Reached skill level 6 in Fire Magic
  3933 | D:4      | Reached XP level 6. HP: 32/32 MP: 4/10
  4007 | D:4      | Identified the +2 rapier "Poeteqi" {flame, rElec rPois
                  | Will+++ Str-2}
  4202 | D:4      | Reached skill level 1 in Hexes
  4461 | D:4      | Reached XP level 7. HP: 36/36 MP: 8/11
  4483 | D:4      | Reached skill level 5 in Conjurations
  5395 | D:5      | Entered Level 5 of the Dungeon
  5532 | D:5      | Reached skill level 7 in Fire Magic
  6380 | D:5      | Found a burning altar of Makhleb.
  6383 | D:5      | Reached skill level 8 in Fire Magic
  6383 | D:5      | Reached XP level 8. HP: 41/41 MP: 7/12
  6891 | D:6      | Found Riont's General Store.
  6903 | D:6      | Noticed a yak
  6903 | D:6      | Noticed a yak
  6915 | D:6      | Killed a yak
  6991 | D:6      | Reached skill level 9 in Fire Magic
  7167 | D:6      | Noticed Blork the orc
  7174 | D:6      | Killed Blork the orc
  7381 | D:6      | Noticed a yak
  7393 | D:6      | Learned a level 3 spell: Volatile Blastmotes
  7397 | D:6      | Noticed a yak
  7399 | D:6      | Noticed a yak
  7413 | D:6      | Killed a yak
  7414 | D:6      | Reached skill level 1 in Summonings
  7473 | D:6      | Noticed a yak
  7475 | D:6      | Killed a yak
  7476 | D:6      | Reached XP level 9. HP: 28/45 MP: 7/13
  7477 | D:6      | Engulfed by a cloud of flame

Illustrated notes

Levels and vault maps discovered:
D:1:      dpeg_arrival_shrine, layout_loops_cross
D:2:      minmay_inner_zag, layout_loops_cross, minmay_rat_hole
D:3:      layout_basic, okawaru_metal_pillars_1_2, minmay_strange_pillars
D:4:      layout_layer_cave, minmay_manual_mares
D:5:      layout_basic, makhleb_heckhound_becter
D:6:      layout_rooms, nicolae_wu_jian_immortal_techniques,
          gammafunk_ghost_grave, serial_shops, shop, nicolae_underground_beach,
          uniq_blork_the_orc

Skill      XL: |  1  2  3  4  5  6  7  8 |
---------------+-------------------------+-----
Conjurations   | 2 3 4 6 7 |  7.9
Fire Magic     | 4 5 6 8 9 |  9.9
Hexes          | 1 2 |  2.3
Summonings     | 1 |  1.8
Dodging        | |  2.1
Stealth        | |  2.0
Spellcasting   | |  2.0

Action                     |  1- 3 |  4- 6 |  7- 9 || total
---------------------------+-------+-------+-------++-------
  Melee: Unarmed           |     4 |       |       ||     4
         Kick              |     7 |     2 |     6 ||    15
         Hand axe          |     5 |       |       ||     5
         Peck              |     3 |     1 |     2 ||     6
         Short sword       |    21 |       |       ||    21
         Staff             |       |     3 |    14 ||    17
         Rapier            |       |       |     8 ||     8
   Cast: Foxfire           |    30 |    71 |    62 ||   163
         Scorch            |    13 |    10 |    23 ||    46
         Inner Flame       |       |       |     6 ||     6
    Use: Scroll            |       |     7 |     2 ||     9
         Potion            |       |       |     2 ||     2
 Armour: Robe              |    28 |     7 |     6 ||    41
  Dodge: Dodged            |    60 |    12 |    49 ||   121
